 Dungeon Crawl Stone Soup version 0.20-a0-945-g3bf614a (webtiles) character file.

464699 Rrauwl the Fetichist (level 24, -10/189 HPs)
             Began as a Barachi Artificer on Apr 1, 2017.
             Was a High Priest of Okawaru.
             Killed from afar by a yellow draconian scorcher (37 damage)
             ... with damnation
             ... on level 5 of the Depths on Apr 2, 2017.
             The game lasted 06:31:17 (47516 turns).

Rrauwl the Fetichist (Barachi Artificer)           Turns: 47516, Time: 06:31:17

Health: -10/189    AC: 29    Str: 34    XL:     24   Next: 23%
Magic:  43/45      EV: 20    Int: 19    God:    Okawaru [*****.]
Gold:   2698       SH:  0    Dex: 20    Spells: 16/33 levels left

rFire    + . .     SeeInvis +   a - +9 lajatang "Esoaqo" {slice, *Corrode rN+ Str+5}
rCold    + + .     Gourm    .   (shield currently unavailable)
rNeg     + + .     Faith    .   L - +4 chain mail of Limited Liability {rN+ Str+3 Stlth+}
rPois    +         Spirit   .   c - +2 hat {Int+3}
rElec    +         Reflect  .   m - +2 cloak of Beuton {+Blink rF++ Dex+3 Stlth+}
rCorr    .         Harm     .   P - +2 pair of gloves {archery}
MR       ++...                  K - +0 pair of boots of the Four Tables {rPois Regen+ SInv}
Stlth    +++.......             W - amulet of regeneration
Regen    1.7/turn               R - ring of protection from cold
MPRegen  0.3/turn               z - ring "Basal" {+Blink rF- MR+ MP+9 Str+5}

@: heroism, finesse, corroded, can't hop, slow
A: +LOS, swims, beak, iridescent scales 1, thin skeletal structure 2, blink,
cold resistance 1, regeneration 1, electricity resistance, slowness 1, evolution
1, subdued magic 2, strong legs 2
}: 3/15 runes: decaying, serpentine, abyssal
a: Hop, Blink, Heroism, Finesse, Renounce Religion, Evoke Blink


You were on level 5 of the Depths.
You worshipped Okawaru.
Okawaru was extremely pleased with you.
You were not hungry.

You visited 8 branches of the dungeon, and saw 38 of its levels.
You visited the Abyss 1 time.
You also visited: Labyrinth and Ossuary.

You collected 4900 gold pieces.
You spent 2202 gold pieces at shops.

Inventory:

Hand Weapons
 a - the +9 lajatang "Esoaqo" (weapon) {slice, *Corrode rN+ Str+5}
   (Okawaru gifted it to you on level 1 of the Lair of Beasts)

   It inflicts extra damage upon your enemies.
   It affects your strength (+5).
   It protects you from negative energy.
   It may corrode you when you take damage.
 b - the +7 shortbow of Meph {venom, rF++ Int+4}
   (You took it off a minotaur in a labyrinth)

   It poisons the ammo it fires.
   It affects your intelligence (+4).
   It greatly protects you from fire.
Missiles
 g - 1567 arrows
Armour
 c - a +2 hat of intelligence (worn)
 m - the +2 cloak of Beuton (worn) {+Blink rF++ Dex+3 Stlth+}
   (Okawaru gifted it to you on level 1 of the Snake Pit)

   It affects your dexterity (+3).
   It greatly protects you from fire.
   It lets you blink.
   It makes you more stealthy.
 K - the +0 pair of boots of the Four Tables (worn) {rPois Regen+ SInv}
   (Okawaru gifted it to you on level 3 of the Lair of Beasts)

   It protects you from poison.
   It lets you see invisible.
   It increases your rate of regeneration.
 L - the +4 chain mail of Limited Liability (worn) {rN+ Str+3 Stlth+}
   (You found it on level 10 of the Dungeon)

   It affects your strength (+3).
   It protects you from negative energy.
   It makes you more stealthy.
 P - a +2 pair of gloves of archery (worn)
Jewellery
 e - an uncursed ring of positive energy
 z - the ring "Basal" (right hand) {+Blink rF- MR+ MP+9 Str+5}
   (You found it on level 6 of the Lair of Beasts)

   [ring of magical power]

   It affects your strength (+5).
   It makes you vulnerable to fire.
   It affects your resistance to hostile enchantments.
   It affects your magic capacity (+9).
   It lets you blink.
 A - an uncursed ring of flight
 R - a ring of protection from cold (left hand)
 W - an amulet of regeneration (around neck)
Wands
 k - a wand of flame (11/48)
 l - a wand of lightning (5/15)
 n - a wand of digging (13/24)
 p - a wand of polymorph (13/24)
 y - a wand of enslavement (8/24)
 H - a wand of acid (6/15)
 J - a wand of paralysis (9/24)
 N - a wand of disintegration (9/24)
 T - a wand of iceblast (10/15)
 U - a wand of acid (2/15)
Scrolls
 h - 15 scrolls of remove curse
 i - 2 scrolls of enchant weapon
 q - 7 scrolls of fear
 s - 6 scrolls of teleportation
 u - 7 scrolls of identify
 D - 4 scrolls of blinking
 F - a scroll of magic mapping
 Z - 4 scrolls of silence
Potions
 d - 3 potions of flight
 o - 2 potions of agility
 t - 4 potions of resistance
 w - 4 potions of berserk rage
 x - 18 potions of curing
 B - 2 potions of heal wounds
 E - 2 potions of cancellation
 G - 6 potions of haste
 V - a potion of might
 Y - a potion of invisibility
Miscellaneous
 r - a phantom mirror
 C - a lamp of fire (inert)
 S - a phial of floods
Comestibles
 v - 16 meat rations


   Skills:
 + Level 15.3(20.3) Fighting
   Level 1.1(6.1) Short Blades
 + Level 18.1(23.1) Staves
 + Level 16.2(21.2) Bows
 + Level 15.2(20.2) Armour
 - Level 9.0(14.0) Dodging
 - Level 0.8(5.8) Stealth
 - Level 5.0 Spellcasting
 - Level 9.0 Conjurations
 - Level 5.1 Hexes
 - Level 7.0 Charms
 - Level 8.0 Summonings
 - Level 5.1 Necromancy
 - Level 5.0 Translocations
 - Level 5.0 Transmutations
 - Level 10.0 Ice Magic
 + Level 14.6 Air Magic
 - Level 5.0 Earth Magic
 - Level 5.0 Poison Magic
 - Level 7.2 Invocations
 + Level 18.4 Evocations


You had 16 spell levels left.
You knew the following spells:

 Your Spells              Type           Power        Failure   Level  Hunger
a - Regeneration          Chrm/Necr      ###.......   6%          3    ##.....
b - Blink                 Tloc           N/A          4%          2    #......
c - Ensorcelled Hibernat  Hex/Ice        ###...       1%          2    #......
d - Poisonous Vapours     Pois/Air       ####..       1%          2    #......
e - Summon Butterflies    Summ           ###.....     1%          1    None
f - Passwall              Tmut/Erth      ##........   4%          2    #......
g - Lightning Bolt        Conj/Air       ####......   4%          5    ######.


Dungeon Overview and Level Annotations

Branches:
Dungeon (15/15)            Temple (0/1) D:5            Lair (6/6) D:10
  Swamp (4/4) Lair:3        Snake (4/4) Lair:4        Slime (0/5) Lair:5
    Orc (2/2) D:12            Elf (0/3) Orc:2        Vaults (1/5) D:13
 Depths (5/5) D:15            Zot (1/5) Depths:5

Altars:
Ashenzari
Cheibriados
Fedhas
Gozag
Hepliaklqana
Kikubaaqudgha
Nemelex Xobeh
Okawaru
Uskayaw
Vehumet
Wu Jian
Xom
Zin
The Shining One
Jiyva

Shops:
D:4 *   D:10 ??*(=   Orc:2 [%:%   Snake:2 =}=   Depths:2 *   Depths:4 :[!!

Portals:
Hell: Depths:1 Depths:2 Depths:3 Depths:4 Depths:5
Abyss: Depths:4
Pandemonium: Depths:1 Depths:3
Ziggurat: Depths:2

Annotations:
Depths:5 1 runed door


Innate Abilities, Weirdness & Mutations

Shadows flee at your approach. (+LOS)
You can swim through water.
You cover ground slowly.
You can hop longer distances.
You have a beak for a mouth.
You are partially covered in iridescent scales. (AC +2)
You have a moderately thin skeletal structure. (Dex +4, Stealth+)
You can translocate small distances at will.
Your flesh is cold resistant. (rC+)
Your natural rate of healing is unusually fast.
You are resistant to electric shocks. (rElec)
You evolve.
Your spells are easier to cast, but less powerful.


Message History

You slice the yellow draconian!!
The yellow draconian is almost dead.
The storm dragon barely misses you. The storm dragon closely misses you. x2
You closely miss the yellow draconian.
You peck the yellow draconian, but do no damage.
The yellow draconian is almost dead.
The yellow draconian completely misses you.
You slice the yellow draconian!!
You kill the yellow draconian!
Okawaru accepts your kill.
The storm dragon closely misses you. x2; The storm dragon misses you.
The yellow draconian scorcher gestures at you while chanting.
The bolt of magma hits you! You partially resist.
* * * LOW HITPOINT WARNING * * *
Hop to where?
Press: ? - help, Dir - move target cursor Boing!
The yellow draconian scorcher points at you and mumbles some strange words.
The sphere of damnation explodes!
The damnation engulfs you!
You die...

#.............#.# #.
#.............'.# #.
#........k....#.# #.
..............#.###.
...................
≈................ #######
≈≈≈C≈ ≈≈≈≈≈ ≈
#.[..:################## #.
#...D.'@................
#..≈#.q∩..############'#####
#..≈#.§)..#....))..'.≈.≈.'..
#..≈#.....#.....######.#####
#.≈#######.....'.........
#.≈≈≈≈≈≈#########.........#
#......≈#.......#.........#
#.
#......≈#)#.#.#.#...###...#
#.# #......)'.)....))...#
...+


You could see a storm dragon and a yellow draconian scorcher.

Vanquished Creatures
  2 juggernauts
  An ancient lich (Depths:5)
  A golden dragon (Depths:5)
  Jory (Depths:4)
  A profane servitor (Abyss:1)
  3 bone dragons
  5 liches
  2 hellephants (Abyss:3)
  A tentacled monstrosity (Depths:2)
  3 titans
  6 sphinxes
  Gastronok (Lair:3)
  Frances (Swamp:1)
  7 tentacled starspawn
  3 tengu reavers
  2 thorn hunters (Swamp:3)
  A storm dragon (Depths:5)
  A draconian monk (Depths:5)
  3 shadow dragons (Depths:5)
  Donald (Swamp:3)
  12 nagarajas
  6 fire giants
  6 frost giants
  A draconian knight (Depths:5)
  3 deep elf sorcerers
  2 orc warlords
  2 draconian shifters (Abyss:3)
  A balrug (Depths:2)
  5 vault wardens (Vaults:1)
  6 ironheart preservers (Vaults:1)
  Aizul (Snake:4)
  10 stone giants
  A spriggan defender (Depths:3)
  23 very ugly things
  3 entropy weavers
  A lorocyproca (Abyss:3)
  2 deep elf demonologists
  A caustic shrike skeleton (D:15)
  A deep elf annihilator (Vaults:1)
  7 vampire knights
  2 green draconians (Depths:5)
  A black draconian (Depths:5)
  8 dire elephants (Abyss:3)
  A purple draconian (Depths:5)
  5 yellow draconians
  Azrael (D:13)
  5 red draconians (Depths:5)
  3 spark wasps
  4 white draconians (Depths:5)
  Snorg (D:13)
  The ghost of Eptagon the Cleaver, a journeyman GrBe of Trog (Lair:5)
  An ettin (shapeshifter) (Depths:2)
  A merfolk javelineer (Depths:4)
  A minotaur (Lab)
  A blizzard demon (Depths:3)
  4 ettins
  13 fire dragons
  2 deep elf high priests (Depths:4)
  2 deep elf death magi (Depths:5)
  4 yaktaur captains
  The ghost of emsyzz the Fighter, a journeyman HOFi of Qazlal (Lair:1)
  Josephine (D:15)
  15 hydras
  4 rakshasas
  2 vault guards (Vaults:1)
  7 great orbs of eyes
  4 ice dragons
  4 catoblepae
  8 anacondas
  21 naga warriors
  4 spriggan air magi
  A death knight (D:14)
  A queen ant (Lair:5)
  8 alligators
  6 deep troll shamans
  19 two-headed ogres
  3 orc high priests (Orc:2)
  5 deep troll earth magi
  4 centaur warriors
  7 death yaks
  14 shock serpents
  50 starcursed masses
  4 tengu warriors
  7 ogre magi
  A dancing weapon (D:13)
  4 spriggan berserkers
  17 naga sharpshooters
  8 thrashing horrors
  6 vampire magi
  2 soul eaters (Depths:5)
  Urug (Lair:3)
  7 deep elf knights (Vaults:1)
  Nergalle (Lair:2)
  A hell knight (Depths:1)
  9 salamander mystics
  10 spriggans
  3 shadow wraiths
  2 sun demons (Depths:2)
  A fire crab (shapeshifter) (Depths:3)
  A wretched star (Abyss:3)
  2 cherubim (D:13)
  4 iron trolls
  2 spatial maelstroms (Abyss:3)
  An infernal demonspawn (Depths:3)
  2 torturous demonspawn (Depths:3)
  2 spriggan druids (Swamp:3)
  14 deep trolls
  5 unseen horrors
  7 glowing orange brains
  5 skeletal warriors
  10 naga ritualists
  11 swamp dragons
  An anaconda skeleton (Abyss:3)
  A flayed ghost (Depths:3)
  2 lindwurms (Lair:6)
  2 wizards
  Pikel (D:5)
  3 deep elf archers (Vaults:1)
  A phantasmal warrior (D:14)
  5 shambling mangroves
  5 ironbrand convokers (Vaults:1)
  A necromancer (D:15)
  An orb spider (shapeshifter) (D:15)
  9 orc sorcerers
  12 mana vipers
  3 deep elf magi (Vaults:1)
  2 fire giant zombies (D:15)
  5 oklob plants
  7 orc knights
  26 ugly things
  2 cyclopes
  A stone giant zombie (D:15)
  28 slime creatures
  6 guardian serpents
  9 salamanders
  A salamander (shapeshifter) (Depths:2)
  21 elephants
  A worldbinder (Abyss:3)
  5 vault sentinels (Vaults:1)
  38 black mambas
  3 smoke demons (Abyss:3)
  A dire elephant zombie (Abyss:3)
  4 apocalypse crabs
  A moth of wrath (Depths:5)
  3 orange demons
  Joseph (D:7)
  6 torpor snails (Lair:6)
  25 naga magi
  2 gargoyles
  A centaur skeleton (D:14)
  13 spiny frogs
  A hellion (Abyss:3)
  5 komodo dragons
  An elf skeleton (Depths:5)
  5 spectral swamp worms (Depths:4)
  A tormentor (Abyss:1)
  4 rime drakes
  48 yaktaurs
  A hellwing (Abyss:2)
  A tengu conjurer (Depths:3)
  3 freezing wraiths
  4 ancient zymes (Abyss:3)
  A queen bee (shapeshifter) (Depths:1)
  11 tyrant leeches
  5 trolls
  28 hornets
  A hornet (shapeshifter) (Depths:4)
  7 raiju (Abyss:3)
  Grinder (D:3)
  10 bog bodies
  12 hippogriffs
  15 blink frogs
  2 air elementals (Depths:3)
  3 shadows
  5 flying skulls (Abyss:1)
  Sigmund (D:6)
  2 ynoxinuls
  9 wraiths
  6 water elementals
  A wyvern (Lair:5)
  21 large abominations
  A tarantella (shapeshifter) (D:13)
  A redback (shapeshifter) (Depths:4)
  A vampire (Abyss:1)
  A human (shapeshifter) (Depths:5)
  37 yaks
  2 steam dragons (Lair:6)
  3 fire elementals (D:13)
  A hog (shapeshifter) (Depths:3)
  4 golden eyes (Abyss:1)
  5 neqoxecs
  Eustachio (D:6)
  A chaos spawn (Abyss:3)
  6 basilisks
  2 hungry ghosts
  2 spatial vortices (Abyss:3)
  Menkaure (D:6)
  5 wargs
  7 insubstantial wisps
  28 vampire mosquitoes
  71 nagas
  27 swamp worms
  A soldier ant (shapeshifter) (Depths:2)
  6 soldier ants
  2 acid dragons
  10 hell hounds
  11 porcupines
  A floating eye (shapeshifter) (Depths:4)
  A floating eye (Depths:3)
  12 water moccasins
  26 orc warriors
  5 ice beasts
  13 small abominations
  3 phantoms
  3 sky beasts (D:8)
  14 swamp drakes
  3 slaves
  13 centaurs
  26 ogres
  An eye of draining (Abyss:2)
  A swamp dragon skeleton (Abyss:3)
  15 wolves
  6 boggarts (Depths:3)
  A boggart (shapeshifter) (Vaults:1)
  An ogre (shapeshifter) (Vaults:1)
  17 crocodiles
  2 big kobolds
  23 bullfrogs
  A gnoll sergeant (D:7)
  3 scorpions
  4 wights (D:11)
  3 howler monkeys
  2 electric eels
  8 centaur zombies
  5 hounds
  6 quasits
  6 crimson imps
  11 orc priests
  2 bullfrog zombies
  5 iron imps
  3 jellies
  16 mummies (Ossuary)
  2 bullfrog skeletons (D:7)
  5 iguanas
  22 orc wizards
  15 worker ants
  Natasha (thrice) (D:3)
  6 hound zombies
  5 human simulacra
  A hound skeleton (D:9)
  10 gnolls
  15 adders
  3 shadow imps
  5 white imps
  7 ufetubi
  An ooze (D:2)
  2 adder zombies (Ossuary)
  An adder skeleton (D:6)
  A worm (D:2)
  A dart slug (D:1)
  4 leopard geckos
  86 orcs
  2 ball pythons (D:1)
  9 bats
  6 giant cockroaches
  10 hobgoblins
  18 jackals
  6 quokkas
  4 frilled lizards
  A giant cockroach zombie (Ossuary)
  9 goblins
  2 goblin skeletons (D:4)
  3 hobgoblin zombies (D:4)
  15 kobolds
  2 kobold skeletons (D:4)
  A kobold zombie (D:4)
  A leopard gecko skeleton (D:4)
  2 leopard gecko zombies (Ossuary)
  2 orc zombies
  A quokka skeleton (D:6)
  11 rats
  4 fungi
  A lurking horror (Abyss:3)
  5 plants
  7 starspawn tentacles
1830 creatures vanquished.

Vanquished Creatures (collateral kills)
  An ogre mage (Vaults:1)
  2 two-headed ogres (Vaults:1)
  A spriggan berserker (Depths:3)
  An oklob plant (Lair:5)
  A yaktaur (Vaults:1)
  A water elemental (Depths:1)
  A plant (Lair:5)
8 creatures vanquished.

Vanquished Creatures (others)
  A spark wasp (Depths:4)
  A fire dragon (shapeshifter) (Depths:3)
  A hydra (Swamp:4)
  2 ironbrand convokers (Vaults:1)
  A black mamba (Snake:3)
  2 orc warriors
  An ice beast (D:11)
  An ogre (Vaults:1)
  A centaur (D:11)
  A crocodile (Lair:5)
  A kobold (D:2)
  8 fungi
  A lurking horror (Abyss:3)
  23 plants
  15 starspawn tentacles
  2 withered plants (D:15)
62 creatures vanquished.

Grand Total: 1900 creatures vanquished

Notes
Turn   | Place    | Note
-------+----------+-------------------------------------------
     0 | D:1      | Rrauwl the Barachi Artificer began the quest for the Orb.
     0 | D:1      | Reached XP level 1. HP: 15/15 MP: 3/3
    56 | D:1      | Reached skill level 1 in Armour
   210 | D:1      | Reached XP level 2. HP: 16/21 MP: 2/4
   382 | D:1      | Reached XP level 3. HP: 26/27 MP: 5/5
   858 | D:2      | Found an iron altar of Okawaru.
   868 | D:2      | Became a worshipper of Warmaster Okawaru
   942 | D:2      | Found a sparkling altar of Nemelex Xobeh.
  1037 | D:2      | Found a hazy altar of Hepliaklqana.
  1355 | D:2      | Reached XP level 4. HP: 34/34 MP: 6/6
  1482 | D:2      | Found an ancient bone altar of Kikubaaqudgha.
  1610 | D:3      | Found a blossoming altar of Fedhas.
  1659 | D:3      | Noticed Natasha
  1663 | D:3      | Gained mutation: You are partially covered in iridescent scales. (AC +2) [potion of mutation]
  1663 | D:3      | Gained mutation: You are resistant to electric shocks. (rElec) [potion of mutation]
  1668 | D:3      | Killed Natasha
  1990 | D:3      | Noticed Natasha
  2000 | D:3      | Killed Natasha
  2000 | D:3      | Reached XP level 5. HP: 38/41 MP: 8/8
  2020 | D:3      | Noticed Natasha
  2031 | D:3      | Killed Natasha
  2150 | D:3      | Found a shimmering altar of Xom.
  2459 | D:3      | Reached * piety under Okawaru
  2551 | D:3      | Noticed Grinder
  2573 | D:3      | Paralysed by Grinder for 2 turns
  2585 | D:3      | Paralysed by Grinder for 7 turns
  2610 | D:3      | Killed Grinder
  2610 | D:3      | Reached skill level 5 in Evocations
  2610 | D:3      | Reached XP level 6. HP: 9/49 MP: 3/9
  3093 | D:4      | Found an ornate altar of the Wu Jian Council.
  3174 | D:4      | Reached XP level 7. HP: 51/55 MP: 8/11
  3237 | D:4      | Found a radiant altar of Vehumet.
  3258 | D:4      | Found a glowing golden altar of the Shining One.
  3261 | D:4      | Reached skill level 1 in Staves
  3415 | D:4      | Reached skill level 5 in Fighting
  3515 | D:4      | Reached skill level 5 in Armour
  3816 | D:4      | Found Baicho's General Store.
  3823 | D:4      | Bought a scroll of identify for 26 gold pieces
  3823 | D:4      | Bought a potion of berserk rage for 65 gold pieces
  3855 | D:4      | Reached skill level 1 in Invocations
  4061 | D:5      | Entered Level 5 of the Dungeon
  4218 | D:5      | Reached ** piety under Okawaru
  4235 | D:5      | Found a staircase to the Ecumenical Temple.
  4453 | D:5      | Found a shattered altar of Ashenzari.
  4689 | D:5      | Got a jewelled war axe
  4690 | D:5      | Identified the +6 war axe of Meme {flame, rElec rF+} (You found it on level 5 of the Dungeon)
  4797 | D:5      | Reached XP level 8. HP: 60/63 MP: 12/12
  4882 | D:6      | Noticed Pikel
  4887 | D:6      | Noticed Eustachio
  4898 | D:5      | Killed Pikel
  4924 | D:6      | Killed Eustachio
  4932 | D:6      | Reached *** piety under Okawaru
  5034 | D:6      | Found a glowing silver altar of Zin.
  5076 | D:6      | Noticed Sigmund
  5090 | D:6      | Reached XP level 9. HP: 62/71 MP: 11/14
  5098 | D:6      | Killed Sigmund
  5131 | D:6      | Found a hide-covered altar of Uskayaw.
  5193 | D:6      | Found a sand-covered staircase.
  5199 | Ossuary  | Entered an ossuary
  5639 | D:6      | Noticed Menkaure
  5647 | D:6      | Killed Menkaure
  5647 | D:6      | Reached skill level 5 in Staves
  5871 | D:6      | Found an opulent altar of Gozag.
  6559 | D:7      | Noticed Joseph
  6573 | D:7      | Killed Joseph
  6573 | D:7      | Reached **** piety under Okawaru
  7468 | D:8      | Reached XP level 10. HP: 56/80 MP: 8/16
  7595 | D:8      | Gained mutation: You have an increased reservoir of magic. (+10% MP) [mutagenic meat]
  7596 | D:8      | Gained mutation: Your spells are a little easier to cast, but a little less powerful. [mutagenic meat]
  8114 | D:9      | Identified a scroll of acquirement
  8170 | D:9      | Reached skill level 1 in Bows
  8518 | D:10     | Entered Level 10 of the Dungeon
  8518 | D:10     | Found Uduut's Magic Scroll Emporium.
  8534 | D:10     | Got a smelly chain mail
  8545 | D:10     | Identified the +4 chain mail of Limited Liability {rN+ Str+3 Stlth+} (You found it on level 10 of the Dungeon)
  8548 | D:10     | Bought a scroll of enchant weapon for 90 gold pieces
  8577 | D:10     | Reached ***** piety under Okawaru
  8577 | D:10     | Reached skill level 5 in Invocations
  8605 | D:10     | Noticed an elephant
  8751 | D:10     | Found Feesh's General Store.
  8767 | D:10     | Killed an elephant
  8786 | D:10     | Found a staircase to the Lair.
  8860 | D:10     | Found Yczas's Antique Weapon Boutique.
  8911 | D:10     | Found a hide-covered altar of Uskayaw.
  8914 | D:10     | Found an ancient bone altar of Kikubaaqudgha.
  8914 | D:10     | Noticed a two-headed ogre
  8927 | D:10     | Killed a two-headed ogre
  8965 | D:10     | Found Diolloha's Magic Scroll Shop.
  9093 | D:10     | Found Vated's Jewellery Emporium.
  9197 | Lair:1   | Entered Level 1 of the Lair of Beasts
  9260 | Lair:1   | Noticed emsyzz's ghost (journeyman HOFi)
  9260 | Lair:1   | Received a gift from Okawaru
  9260 | Lair:1   | Reached skill level 5 in Dodging
  9267 | Lair:1   | Reached XP level 11. HP: 63/89 MP: 17/19
  9295 | Lair:1   | Killed emsyzz's ghost
  9295 | Lair:1   | Received a gift from Okawaru
  9313 | Lair:1   | Got a warped lajatang {god gift}
  9544 | Lair:1   | Identified the +9 lajatang "Esoaqo" {slice, *Corrode rN+ Str+5} (Okawaru gifted it to you on level 1 of the Lair of Beasts)
 10573 | Lair:2   | Found a snail-covered altar of Cheibriados.
 10636 | Lair:2   | Reached skill level 10 in Fighting
 10928 | Lair:2   | Got a transparent mace
 10929 | Lair:2   | Identified the +2 mace of the Countless Allies {crush, Dex+3} (You found it on level 2 of the Lair of Beasts)
 11007 | Lair:2   | Noticed Nergalle
 11013 | Lair:2   | Killed Nergalle
 11093 | Lair:2   | Noticed a catoblepas
 11119 | Lair:2   | Killed a catoblepas
 11119 | Lair:2   | Reached ****** piety under Okawaru
 11119 | Lair:2   | Received a gift from Okawaru
 11524 | Lair:2   | Reached XP level 12. HP: 88/98 MP: 21/21
 11574 | Lair:3   | Reached skill level 10 in Evocations
 11578 | Lair:3   | Reached skill level 5 in Bows
 11630 | Lair:3   | Found a labyrinth entrance.
 11644 | Lab      | Entered a labyrinth
 12207 | Lab      | Noticed a minotaur
 12214 | Lab      | Killed a minotaur
 12214 | Lab      | Received a gift from Okawaru
 12218 | Lab      | Got a twisted shortbow
 12219 | Lab      | Identified the +7 shortbow of Meph {venom, rF++ Int+4} (You took it off a minotaur in a labyrinth)
 12230 | Lab      | Got a dazzling rapier
 12283 | Lair:3   | Noticed Urug
 12294 | Lair:3   | Reached skill level 10 in Armour
 12310 | Lair:3   | Killed Urug
 12310 | Lair:3   | Received a gift from Okawaru
 12330 | Lair:3   | Got a pair of polished boots {god gift}
 12390 | Lair:3   | Identified the +0 pair of boots of the Four Tables {rPois Regen+ SInv} (Okawaru gifted it to you on level 3 of the Lair of Beasts)
 12517 | Lair:3   | Noticed Gastronok
 12525 | Lair:3   | Killed Gastronok
 12743 | Lair:3   | Found a staircase to the Swamp.
 13043 | Lair:4   | Identified the +4 rapier of Indomitability {freeze, rF+ Dex+3} (You found it in a labyrinth)
 13064 | Lair:4   | Found a staircase to the Snake Pit.
 13285 | Lair:4   | Noticed a catoblepas
 13299 | Lair:4   | Killed a catoblepas
 13299 | Lair:4   | Gained mutation: You can hop longer distances. [Barachi growth]
 13299 | Lair:4   | Reached XP level 13. HP: 107/107 MP: 20/23
 13305 | Lair:4   | Reached skill level 10 in Staves
 13313 | Lair:4   | Received a gift from Okawaru
 13315 | Lair:4   | Got a pitted scimitar {god gift}
 13565 | Lair:4   | Received a gift from Okawaru
 14314 | Lair:5   | Noticed an entropy weaver
 14319 | Lair:5   | Noticed an entropy weaver
 14336 | Lair:5   | Killed an entropy weaver
 14336 | Lair:5   | Received a gift from Okawaru
 14503 | Lair:5   | Killed an entropy weaver
 14758 | Lair:5   | Found a viscous altar of Jiyva.
 14758 | Lair:5   | Found a staircase to the Slime Pits.
 14858 | Lair:5   | Received a gift from Okawaru
 15178 | Lair:5   | Received a gift from Okawaru
 15190 | Lair:5   | Noticed Eptagon's ghost (journeyman GrBe)
 15214 | Lair:6   | Entered Level 6 of the Lair of Beasts
 15230 | Lair:6   | Reached XP level 14. HP: 11/118 MP: 23/25
 15383 | Lair:5   | Killed Eptagon's ghost
 15428 | Lair:5   | HP: 5/118 [acid (13)]
 16059 | Lair:1   | Identified the +9 scimitar "Cisuec" {chaos, *Corrode +Rage Str+4} (Okawaru gifted it to you on level 4 of the Lair of Beasts)
 16361 | Lair:6   | Received a gift from Okawaru
 16464 | Lair:6   | Received a gift from Okawaru
 16467 | Lair:6   | Got a pair of transparent boots {god gift}
 16498 | Lair:6   | Identified the +0 pair of boots of Prudence {Str+2} (Okawaru gifted it to you on level 6 of the Lair of Beasts)
 16524 | Lair:6   | Got a clouded granite ring
 16527 | Lair:6   | Identified the ring "Basal" {+Blink rF- MR+ MP+9 Str+5} (You found it on level 6 of the Lair of Beasts)
 16849 | Lair:6   | Found a runed door.
 17588 | Lair:1   | Learned a level 6 spell: Freezing Cloud
 18012 | D:11     | Reached skill level 1 in Ice Magic
 18022 | D:11     | Received a gift from Okawaru
 18029 | D:11     | Got a steaming quarterstaff {god gift}
 18034 | D:11     | Identified the +7 quarterstaff of Optimality {flame, rC++ MR- Dex-5 SInv} (Okawaru gifted it to you on level 11 of the Dungeon)
 18110 | D:11     | Reached XP level 15. HP: 122/126 MP: 26/26
 18723 | D:12     | Found a staircase to the Orcish Mines.
 19112 | D:13     | Found a gate to the Vaults.
 19151 | D:13     | Noticed Snorg
 19165 | D:13     | Killed Snorg
 19307 | D:13     | Reached skill level 10 in Bows
 19364 | D:13     | Lost mutation: You have an increased reservoir of magic. (+10% MP) [mutagenic meat]
 19365 | D:13     | Gained mutation: You can translocate small distances at will. [mutagenic meat]
 19690 | D:13     | Received a gift from Okawaru
 20011 | D:13     | Noticed Azrael
 20050 | D:13     | Killed Azrael
 20050 | D:13     | Reached skill level 1 in Air Magic
 20476 | D:14     | Received a gift from Okawaru
 20987 | D:15     | Entered Level 15 of the Dungeon
 20988 | D:15     | Found a sparkling altar of Nemelex Xobeh.
 21203 | D:15     | Received a gift from Okawaru
 21210 | D:15     | Found a staircase to the Depths.
 21267 | D:15     | Received a gift from Okawaru
 21772 | D:15     | Reached skill level 5 in Ice Magic
 21971 | Orc:1    | Entered Level 1 of the Orcish Mines
 22235 | Orc:1    | Noticed an orc warlord
 22264 | Orc:1    | Killed an orc warlord
 22270 | Orc:1    | Reached XP level 16. HP: 124/134 MP: 26/26
 22521 | Orc:2    | Entered Level 2 of the Orcish Mines
 22781 | Orc:2    | Found Peud's Food Emporium.
 22807 | Orc:2    | Received a gift from Okawaru
 22870 | Orc:2    | Reached skill level 15 in Fighting
 22956 | Orc:2    | Found Iri Peph's Food Shop.
 22968 | Orc:2    | Found Zoeppub's Armour Shop.
 22970 | Orc:2    | Found Nosmamn's Book Emporium.
 22991 | Orc:2    | Bought a book of Minor Magic for 260 gold pieces
 23024 | Orc:2    | Learned a level 2 spell: Blink
 23042 | Orc:2    | Found a staircase to the Elven Halls.
 23397 | Lair:1   | Learned a level 2 spell: Ensorcelled Hibernation
 23400 | Lair:1   | Learned a level 2 spell: Poisonous Vapours
 23402 | Lair:1   | Learned a level 1 spell: Summon Butterflies
 23405 | Lair:1   | Learned a level 2 spell: Passwall
 23496 | Snake:1  | Entered Level 1 of the Snake Pit
 23598 | Snake:1  | Reached skill level 1 in Spellcasting
 23684 | Snake:1  | Reached skill level 1 in Summonings
 23736 | Snake:1  | Reached skill level 1 in Translocations
 23892 | Snake:1  | Reached skill level 1 in Poison Magic
 24031 | Snake:1  | Reached skill level 1 in Earth Magic
 24273 | Snake:1  | Received a gift from Okawaru
 24274 | Snake:1  | Got a dazzling cloak {god gift}
 24285 | Snake:1  | Identified the +2 cloak of Beuton {+Blink rF++ Dex+3 Stlth+} (Okawaru gifted it to you on level 1 of the Snake Pit)
 24301 | Snake:1  | Reached skill level 1 in Transmutations
 24384 | Snake:1  | Reached skill level 1 in Hexes
 24619 | Snake:1  | Reached skill level 1 in Conjurations
 25026 | Snake:2  | Noticed a nagaraja
 25056 | Snake:2  | Killed a nagaraja
 25465 | Snake:2  | Found Nypimal's Jewellery Shoppe.
 25465 | Snake:2  | Found Eplunwat's Gadget Boutique.
 25466 | Snake:2  | Found Ananuawa's Jewellery Shoppe.
 25479 | Snake:2  | Bought a cursed -3 ring of evasion for 26 gold pieces
 25812 | Snake:3  | Found an opulent altar of Gozag.
 25852 | Snake:3  | Reached XP level 17. HP: 103/142 MP: 27/27
 25857 | Snake:3  | Received a gift from Okawaru
 26213 | Snake:3  | Reached skill level 5 in Air Magic
 27067 | Snake:4  | Entered Level 4 of the Snake Pit
 27359 | Snake:4  | Noticed Aizul
 27360 | Snake:4  | Found an iron altar of Okawaru.
 27371 | Snake:4  | Killed Aizul
 27371 | Snake:4  | Received a gift from Okawaru
 27754 | Snake:4  | Received a gift from Okawaru
 27812 | Snake:4  | Received a gift from Okawaru
 27840 | Snake:4  | Received a gift from Okawaru
 27860 | Snake:4  | Received a gift from Okawaru
 27930 | Snake:4  | Reached XP level 18. HP: 42/149 MP: 15/28
 28285 | Snake:4  | Got a crude granite ring
 28666 | Snake:4  | Reached skill level 5 in Summonings
 28735 | Snake:4  | Received a gift from Okawaru
 28735 | Snake:4  | Reached skill level 5 in Hexes
 28924 | Snake:4  | Identified the ring of Hyducint {rPois rF- AC+2 Slay+2} (You took it off a nagaraja on level 4 of the Snake Pit)
 28969 | Snake:4  | Got a serpentine rune of Zot
 29386 | Snake:4  | Reached skill level 5 in Transmutations
 29399 | Snake:4  | Reached skill level 5 in Poison Magic
 29692 | Snake:4  | Received a gift from Okawaru
 29698 | Snake:4  | Reached skill level 5 in Translocations
 30078 | Swamp:1  | Entered Level 1 of the Swamp
 30078 | Swamp:1  | Noticed Frances
 30099 | Swamp:1  | Killed Frances
 30099 | Swamp:1  | Received a gift from Okawaru
 30767 | Swamp:2  | Reached skill level 15 in Armour
 30791 | Swamp:2  | Received a gift from Okawaru
 30792 | Swamp:2  | Got a faintly humming ring mail {god gift}
 30794 | Swamp:2  | Identified the +2 ring mail "Ongec" {*Drain rPois rF+ MR+} (Okawaru gifted it to you on level 2 of the Swamp)
 31635 | Swamp:3  | Reached skill level 5 in Earth Magic
 31807 | Swamp:3  | Reached skill level 5 in Spellcasting
 31852 | Swamp:3  | Noticed Donald
 31892 | Swamp:3  | Killed Donald
 31914 | Swamp:3  | Paralysed by a hornet for 2 turns
 32145 | Swamp:3  | Reached XP level 19. HP: 141/155 MP: 29/29
 33113 | Swamp:4  | Entered Level 4 of the Swamp
 33454 | Swamp:4  | Received a gift from Okawaru
 33907 | Swamp:4  | Received a gift from Okawaru
 34113 | Swamp:4  | Got a decaying rune of Zot
 34498 | Vaults:1 | Entered Level 1 of the Vaults
 34616 | Vaults:1 | Reached skill level 10 in Ice Magic
 34684 | Vaults:1 | Received a gift from Okawaru
 34946 | Vaults:1 | Paralysed by a great orb of eyes for 7 turns
 34956 | Vaults:1 | Received a gift from Okawaru
 35041 | Vaults:1 | Reached skill level 15 in Evocations
 35476 | Vaults:1 | Received a gift from Okawaru
 35503 | Vaults:1 | Reached XP level 20. HP: 135/162 MP: 31/31
 36264 | Vaults:1 | Reached skill level 15 in Staves
 36515 | Vaults:1 | Received a gift from Okawaru
 36647 | Vaults:1 | Gained mutation: Your magical capacity is low. (-10% MP) [mutagenic meat]
 36649 | Vaults:1 | Gained mutation: You are frail. (-10% HP) [mutagenic meat]
 36651 | Vaults:1 | Gained mutation: You have a pair of small horns on your head. [mutagenic meat]
 36716 | Vaults:1 | Reached skill level 10 in Air Magic
 36767 | Vaults:1 | Received a gift from Okawaru
 37133 | Vaults:1 | Got a slimy golden ring
 37134 | Vaults:1 | Identified the ring "Piseyppu" {rF++ MR+++ Dex+4 Slay-4 Stlth-} (You took it off an entropy weaver on level 1 of the Vaults)
 37424 | Lair:1   | Upgraded the game from 0.20-a0-942-ga5226df to 0.20-a0-945-g3bf614a
 37616 | D:15     | Noticed Josephine
 37622 | D:15     | Killed Josephine
 37679 | Depths:1 | Entered Level 1 of the Depths
 37679 | Depths:1 | Found a gateway to Hell.
 37849 | Depths:1 | Gained mutation: Your spells are easier to cast, but less powerful. [mutagenic meat]
 38522 | Depths:1 | Received a gift from Okawaru
 38554 | Depths:1 | Gained mutation: You are resistant to hostile enchantments. (MR+) [mutagenic meat]
 38555 | Depths:1 | Lost mutation: Your magical capacity is low. (-10% MP) [mutagenic meat]
 38556 | Depths:1 | Lost mutation: You are resistant to hostile enchantments. (MR+) [mutagenic meat]
 38557 | Depths:1 | Gained mutation: Your flesh is cold resistant. (rC+) [mutagenic meat]
 38558 | Depths:1 | Lost mutation: You have a pair of small horns on your head. [mutagenic meat]
 38854 | Depths:1 | Received a gift from Okawaru
 39038 | Depths:1 | Reached XP level 21. HP: 151/151 MP: 33/33
 39058 | Depths:1 | Gained mutation: Your magical capacity is low. (-10% MP) [mutagenic meat]
 39060 | Depths:1 | Gained mutation: You are partially covered in large bone plates. (SH +4) [mutagenic meat]
 39062 | Depths:1 | Lost mutation: You are frail. (-10% HP) [mutagenic meat]
 39185 | Depths:1 | Found a one-way gate leading to the halls of Pandemonium.
 39250 | Depths:1 | Received a gift from Okawaru
 39287 | Depths:1 | Gained mutation: You have a beak for a mouth. [mutagenic meat]
 39289 | Depths:1 | Gained mutation: Your spells are much easier to cast, but much less powerful. [mutagenic meat]
 39291 | Depths:1 | Gained mutation: Your natural rate of healing is unusually fast. [mutagenic meat]
 39292 | Depths:1 | Lost mutation: Your spells are much easier to cast, but much less powerful. [mutagenic meat]
 39293 | Depths:1 | Gained mutation: You expend magic power (3 MP) to strengthen your wands. [mutagenic meat]
 39294 | Depths:1 | Lost mutation: You expend magic power (3 MP) to strengthen your wands. [mutagenic meat]
 39296 | Depths:1 | Lost mutation: You are partially covered in large bone plates. (SH +4) [mutagenic meat]
 39298 | Depths:1 | Gained mutation: You evolve. [mutagenic meat]
 39625 | Depths:2 | Got a crude plate armour
 39626 | Depths:2 | Identified the +3 plate armour of Lecloups {Str+6 Int+4 Stlth+} (You found it on level 2 of the Depths)
 39658 | Depths:2 | Paralysed by a vampire knight for 2 turns
 39855 | Depths:2 | Found a gateway to a ziggurat.
 39866 | Depths:2 | Received a gift from Okawaru
 39949 | Depths:2 | Gained mutation: Scrolls take you a little longer to read. [mutagenic meat]
 39951 | Depths:2 | Lost mutation: Your magical capacity is low. (-10% MP) [mutagenic meat]
 39952 | Depths:2 | Lost mutation: Scrolls take you a little longer to read. [mutagenic meat]
 39953 | Depths:2 | Gained mutation: You have supernaturally acute eyesight. (SInv) [mutagenic meat]
 40001 | Depths:2 | Found Enueduine's Demolitions Depot.
 40017 | Depths:2 | Bought a wand of acid (8/15) for 432 gold pieces
 40642 | Depths:3 | Gained mutation: You have a somewhat thin skeletal structure. (Dex +2, Stealth) [evolution]
 40676 | Depths:3 | Received a gift from Okawaru
 40860 | Depths:3 | Received a gift from Okawaru
 40909 | Depths:3 | Got a twisted cloak
 40910 | Depths:3 | Identified the +1 cloak "Peijib" {rPois rC- Int+4 Slay+5} (You acquired it on level 3 of the Depths)
 40976 | Depths:3 | Noticed a juggernaut
 40987 | Depths:3 | Killed a juggernaut
 40987 | Depths:3 | Received a gift from Okawaru
 41002 | Depths:3 | Received a gift from Okawaru
 41029 | Depths:3 | Learned a level 3 spell: Regeneration
 41035 | Depths:3 | Learned a level 5 spell: Lightning Bolt
 41147 | Depths:3 | Reached skill level 1 in Charms
 41147 | Depths:3 | Reached skill level 1 in Necromancy
 41310 | Depths:3 | Received a gift from Okawaru
 41312 | Depths:3 | Lost mutation: You have supernaturally acute eyesight. (SInv) [a neqoxec]
 42306 | Depths:4 | Found a one-way gate to the infinite horrors of the Abyss.
 42318 | Depths:4 | Noticed Jory
 42340 | Depths:4 | Killed Jory
 42432 | Depths:4 | Reached XP level 22. HP: 175/175 MP: 34/34
 42607 | Depths:4 | Received a gift from Okawaru
 42667 | Depths:4 | Voluntarily entered the Abyss.
 42805 | Abyss:1  | Reached skill level 5 in Conjurations
 42881 | Abyss:1  | Received a gift from Okawaru
 42937 | Abyss:1  | Noticed a profane servitor
 42956 | Abyss:1  | Killed a profane servitor
 42977 | Abyss:1  | Found a corrupted altar of Lugonu.
 43394 | Abyss:1  | Reached skill level 15 in Bows
 43612 | Abyss:2  | Received a gift from Okawaru
 43618 | Abyss:2  | Paralysed by you for 2 turns
 43656 | Abyss:3  | Found a corrupted altar of Lugonu.
 43715 | Abyss:3  | Paralysed by accursed screaming for 1 turns
 43767 | Abyss:3  | Received a gift from Okawaru
 44110 | Abyss:3  | Reached skill level 5 in Charms
 44481 | Abyss:3  | Received a gift from Okawaru
 44563 | Abyss:3  | Received a gift from Okawaru
 44696 | Abyss:3  | Received a gift from Okawaru
 44716 | Abyss:3  | Reached XP level 23. HP: 173/181 MP: 35/35
 44762 | Abyss:3  | Found a corrupted altar of Lugonu.
 44767 | Abyss:3  | Got an abyssal rune of Zot
 44876 | Depths:4 | Escaped the Abyss
 44925 | Depths:4 | Reached skill level 5 in Necromancy
 45046 | Depths:4 | Found Ucunwac's Book Shop.
 45047 | Depths:4 | Found Dothoz's Distillery.
 45047 | Depths:4 | Found Ixti's Antique Armour Shop.
 45055 | Depths:4 | Found Qoequzedd's Distillery.
 45081 | Depths:4 | Bought a potion of agility for 92 gold pieces
 45081 | Depths:4 | Bought a potion of haste for 230 gold pieces
 45081 | Depths:4 | Bought a potion of might for 92 gold pieces
 45081 | Depths:4 | Bought a potion of haste for 230 gold pieces
 45081 | Depths:4 | Bought a potion of berserk rage for 115 gold pieces
 45084 | Depths:4 | Bought a potion of curing for 48 gold pieces
 45084 | Depths:4 | Bought a potion of curing for 48 gold pieces
 45084 | Depths:4 | Bought a potion of resistance for 160 gold pieces
 45084 | Depths:4 | Bought a potion of curing for 48 gold pieces
 45084 | Depths:4 | Bought a potion of resistance for 160 gold pieces
 45084 | Depths:4 | Bought a potion of heal wounds for 80 gold pieces
 45315 | Depths:4 | Paralysed by a floating eye for 2 turns
 45615 | Depths:4 | Gained mutation: You have a moderately thin skeletal structure. (Dex +4, Stealth+) [evolution]
 45989 | Depths:5 | Entered Level 5 of the Depths
 46335 | Depths:5 | Noticed an ancient lich
 46344 | Depths:5 | Received a gift from Okawaru
 46348 | Depths:5 | Killed an ancient lich
 46432 | Depths:5 | Received a gift from Okawaru
 46470 | Depths:5 | Identified the Compendium of Evil Rites
 46506 | Depths:5 | Noticed a juggernaut
 46517 | Depths:5 | Killed a juggernaut
 46517 | Depths:5 | Received a gift from Okawaru
 46554 | Depths:5 | Received a gift from Okawaru
 46687 | Depths:5 | Noticed a golden dragon
 47064 | Depths:5 | Found a runed door.
 47073 | Depths:5 | Reached XP level 24. HP: 69/188 MP: 36/36
 47146 | Depths:5 | Found a runed door.
 47229 | Depths:5 | Received a gift from Okawaru
 47252 | Depths:5 | Found a runed door.
 47283 | Depths:5 | Found a runed door.
 47308 | Depths:5 | Found a runed door.
 47323 | Depths:5 | Found a runed door.
 47455 | Depths:5 | Found a gate to the Realm of Zot.
 47489 | Zot:1    | Entered Level 1 of the Realm of Zot
 47516 | Depths:5 | Killed from afar by a yellow draconian scorcher

Vault maps used:
D:1:      dpeg_arrival_lava_altar, supply_closet_lemuel
D:2:      lemuel_doored_altar, okawaru_gym_becter,
          lemuel_coloured_pillars_altar, lemuel_round_altar, lemuel_old_faithful
D:3:      overflow_temple_1_default, xom_teletrap_fun, first_bread,
          uniq_grinder, uniq_natasha
D:4:      nicolae_tso_besieged_by_evil, lemuel_round_altar,
          lemuel_crystal_altar, serial_shops, nicolae_shop_waterfront,
          minmay_gold_behind_fungi
D:5:      evilmike_ruin_ashenzari, temple_hall, guppyfry_early_lair_pool
D:6:      nicolae_overflow_crystal_walls, lemuel_crystal_altar, zin_statuary,
          nicolae_ossuary_entry_plus, uniq_sigmund, uniq_eustachio, uniq_pikel,
          uniq_menkaure
D:7:      uniq_joseph
D:8:      serial_column_ruins, column_ruins_columns_straight,
          column_ruins_open_small, column_ruins_open_medium,
          column_ruins_grid_1, column_ruins_corridor_corner,
          column_ruins_corridor_dead_end, column_ruins_open_tiny
D:10:     david_lair_generic, serial_shops, nicolae_shop_waterfront,
          nicolae_shop_statue_plus, shop_statue, shop, shop, basic_altar,
          lemuel_statue_altar
D:11:     grunt_ogre_cave, corexii_leaking_fountain, bh_circular_ruins
D:12:     orc_0_dummy
D:13:     david_vaults_2, pf_eden, uniq_snorg, uniq_azrael
D:14:     minivault_23
D:15:     gammafunk_depths_entry_grave, nemelex_xobeh_ov_fountains_minmay,
          uniq_josephine
Lair:1:   serial_forest, infiniplex_forest_lined_room_3,
          infiniplex_forest_clump_medium, infiniplex_forest_lined_2,
          infiniplex_forest_zigzag_1, infiniplex_forest_lined_2,
          infiniplex_forest_clump_double, infiniplex_forest_corner_1,
          st_stairs_5, beast_lair_carwin_3, grunt_megastairs_3
Lair:2:   basic_altar, grunt_forest_stairs_basic, uniq_nergalle
Lair:3:   nicolae_swamp_entry_splash_gauntlet, lab_entry_generic,
          uniq_gastronok, uniq_urug
Lair:4:   beast_lair_carwin_large_1, minmay_snake_entry_guardpost_small,
          grunt_megastairs_4, serial_bayou_shore_a
Lair:5:   dpeg_slime_entry_enclosed_altar, wad_woods_antlair,
          minmay_lair_oklob_chamber, grunt_megastairs_5
Lair:6:   wormcave, guppyfry_lair_end_dragon, patterned_corridor
Swamp:1:  nicolae_swamp_trees_clearing, swamp_pool2, nicolae_swamp_fairy_circle,
          uniq_frances
Swamp:2:  evilmike_swamp_ruin_house_6
Swamp:3:  nicolae_swamp_phyte_club, evilmike_swamp_ruin_house_4, uniq_donald
Swamp:4:  swamp
Snake:2:  minmay_shop_grove, grunt_megastairs_1
Snake:3:  basic_altar, guppyfry_library_mini, lemuel_fruit_tree
Snake:4:  johnstein_snake_rune_scales, basic_altar, uniq_aizul
Orc:2:    st_orc_elflike
Vaults:1: nicolae_vaults_little_squares_1, v_rooms_2,
          hangedman_vaults_stretched_pinwheel, v_misc_17,
          minmay_guarded_unrand_secular_launcher, v_misc_10,
          hangedman_vaults_river_flow, ontoclasm_vaults_tryst,
          vaults_room_fours, ontoclasm_vaults_ring_square,
          ontoclasm_vaults_pinch, nicolae_vaults_little_squares_6,
          vaults_room_pools
Depths:1: hangedman_coc_ice_floe, glass_columns_b, grunt_pan_entry_sceptre,
          hex_medium, nooodl_orcs_dogs
Depths:2: minmay_skeletal_surprise, enter_ziggurat_c, lightli_too_deep,
          minmay_staircase_statues_hall_large, nicolae_blasting_shop
Depths:3: grunt_x_marks_the_spot, grunt_pan_entry_spiral,
          pf_vacation_house_of_asmodeus, grunt_ministairs_12
Depths:4: minmay_stepped, abyss_entry, pf_hell_entry_tar_river, minmay_holes,
          minmay_staircase_bubble, minmay_shoptagon, uniq_jory
Depths:5: evilmike_zot_entry_castle, hell_entry, roderic_lattice_a,
          special_room, hangedman_decor_slide_cut, serial_bayou_shore_b
Zot:1:    bh_zot_levy_curve
Abyss:2:  guppyfry_abyss_exit_spiral_guarded
Lab:      labyrinth_mini_lab, nicolae_lab_t_cross
Ossuary:  ossuary_zaba_flooded

Skill      XL: |  1  2  3  4  5  6  7  8  9 10 11 12 13 14 15 16 17 18 19 20 21 22 23 24 |
---------------+-------------------------------------------------------------------------+-----
Armour         | 1 2 3 4 5 6 7 8 9 10 12 13 14 15 | 15.2
Fighting       | 2 3 4 5 6 8 9 10 11 13 14 15 | 15.3
Evocations     | 4 5 6 8 9 10 11 12 13 14 15 16 17 18 | 18.4
Staves         | 2 4 5 7 8 9 11 12 13 14 15 16 17 18 | 18.1
Invocations    | 1 3 4 5 6 7 |  7.2
Dodging        | 3 5 6 7 9 |  9.0
Bows           | 2 4 6 8 9 10 11 12 13 14 15 16 | 16.2
Ice Magic      | 1 5 6 7 9 10 | 10.0
Air Magic      | 3 4 6 7 9 10 12 13 14 | 14.6
Spellcasting   | 2 4 5 |  5.0
Summonings     | 2 4 6 8 |  8.0
Translocations | 2 4 5 |  5.0
Poison Magic   | 3 4 5 |  5.0
Earth Magic    | 2 3 5 |  5.0
Transmutations | 2 4 5 |  5.0
Hexes          | 2 4 5 |  5.1
Conjurations   | 1 3 4 6 9 |  9.0
Charms         | 2 5 7 |  7.0
Necromancy     | 2 4 5 |  5.1
Short Blades   | |  1.1
Stealth        | |  0.8

Action                   |  1- 3 |  4- 6 |  7- 9 | 10-12 | 13-15 | 16-18 | 19-21 | 22-24 || total
-------------------------+-------+-------+-------+-------+-------+-------+-------+-------++-------
Melee: Short sword       |   224 |   241 |   192 |       |       |       |       |       ||   657
       Staff             |       |       |   180 |       |       |     7 |       |       ||   187
       Quarterstaff      |       |       |    54 |       |       |       |       |       ||    54
       War axe           |       |       |   211 |   207 |       |       |       |       ||   418
       Lajatang          |       |       |       |   203 |   600 |   782 |  1099 |  1081 ||  3765
       Headbutt          |       |       |       |       |       |       |    47 |       ||    47
       Peck              |       |       |       |       |       |       |    93 |   387 ||   480
       Unarmed           |       |       |       |       |       |       |       |     8 ||     8
 Fire: Shortbow          |       |       |       |    75 |   684 |   908 |   564 |   424 ||  2655
 Cast: Blink             |       |       |       |       |       |     2 |     1 |     1 ||     4
       Regeneration      |       |       |       |       |       |       |       |    21 ||    21
       Summon Butterflie |       |       |       |       |       |       |       |     1 ||     1
Invok: Heroism           |       |     2 |     3 |     8 |    26 |    37 |    47 |    38 ||   161
       Finesse           |       |       |       |     2 |     7 |    12 |    17 |    11 ||    49
 Abil: Hop               |       |       |     1 |     3 |     7 |     7 |    14 |     3 ||    35
       Evoke Blink       |       |       |       |       |       |       |     2 |       ||     2
Evoke: Wand              |       |       |     8 |       |    11 |     8 |    22 |     6 ||    55
       Lamp of fire      |       |       |       |       |       |       |     1 |     2 ||     3
  Use: Potion            |       |     6 |       |     9 |     7 |     5 |     8 |     2 ||    37
       Scroll            |       |     1 |    10 |    13 |    11 |    12 |    16 |    12 ||    75
 Stab: Distracted        |       |       |       |     1 |       |       |     2 |     4 ||     7
       Petrified         |       |       |       |       |     3 |       |       |       ||     3
  Eat: Chunk             |     2 |     5 |    14 |    14 |    22 |     8 |    41 |     6 ||   112
       Royal jelly       |       |     1 |       |     1 |     3 |     1 |     2 |       ||     8
       Fruit             |       |       |     4 |     3 |     6 |    11 |    15 |     4 ||    43
       Bread ration      |       |       |       |     1 |       |     2 |     1 |     1 ||     5
       Meat ration       |       |       |       |       |     1 |     1 |     2 |     2 ||     6
Armor: Chain mail        |   204 |   145 |   420 |   206 |   331 |   503 |   511 |   456 ||  2776
       Leather armour    |     5 |       |       |       |       |       |       |       ||     5
       Plate armour      |       |       |       |    78 |       |       |       |       ||    78
Dodge: Dodged            |    93 |    75 |   228 |   174 |   320 |   642 |   640 |   715 ||  2887
Block: Shield            |       |       |       |   106 |       |       |       |       ||   106
       Reflection        |       |       |       |     5 |     5 |    13 |    10 |       ||    33
       Other             |       |       |       |    18 |    75 |    98 |    79 |       ||   270
